 Dungeon Crawl Stone Soup version 0.31-a0-210-gccc998df9b (webtiles) character file.

Game seed: 13389890139361080340

575 qw the Shooter (level 7, 0/62 HPs)
             Began as a Minotaur Hexslinger on June 30, 2023.
             Slain by Ijyb
             ... wielding a +0 dagger
              (4 damage)
             ... on level 4 of the Dungeon.
             The game lasted 00:01:31 (3044 turns).

qw the Shooter (Minotaur Hexslinger)                Turns: 3044, Time: 00:01:32

Health: 0/62       AC:  5    Str: 13    XL:     7   Next: 12%
Magic:  7/7        EV: 11    Int: 10    God:
Gold:   1102       SH:  0    Dex: 14    Spells: 7/8 levels left

rFire   . . .        Y - +2 sling
rCold   . . .        (no shield)
rNeg    . . .        i - +0 ring mail
rPois   .            (helmet restricted)
rElec   .            (no cloak)
rCorr   +            (no gloves)
SInv    .            (no boots)
Will    .....        (no amulet)
Stlth   +            k - ring of resist corrosion
HPRegen 0.30/turn    (no ring)
MPRegen 0.10/turn

%: no passive effects
@: no status effects
A: horns 2, retaliatory headbutt
a: no special abilities


You were on level 4 of the Dungeon.
You visited 1 branch of the dungeon, and saw 4 of its levels.

You collected 1102 gold pieces.


Innate Abilities, Weirdness & Mutations

You have a pair of horns on your head.
You reflexively headbutt those who attack you in melee.


   Skills:
 - Level 5.8 Fighting
 + Level 6.6 Ranged Weapons
 - Level 1.2 Armour
 - Level 2.1 Dodging
 - Level 1.0 Spellcasting
 - Level 2.0 Hexes


You had 7 spell levels left.
You knew the following spells:

 Your Spells              Type           Power      Damage    Failure   Level
a - Slow                  Hex            16%        N/A       32%         1

Your spell library contained the following spells:

 Spells                   Type           Power      Damage    Failure   Level
 Inner Flame              Hex/Fire       2%         N/A       82%         3
 Portal Projectile        Hex/Tloc       4%         N/A       82%         3
 Cause Fear               Hex            2%         N/A       97%         4

Inventory:

Hand Weapons
 Y - a +2 sling (weapon)
Armour
 i - a +0 ring mail (worn)
Jewellery
 k - a ring of resist corrosion (left hand)
Scrolls
 a - 2 scrolls of enchant armour
Potions
 h - a potion of curing
 m - a potion of mutation {unknown}

Dungeon Overview and Level Annotations

Branches:
Dungeon (4/15)
 Temple: D:4-7

Altars:
Uskayaw
Yredelemnul

Annotations:
D:4 Ijyb


Message History

You shoot a sling bullet. The sling bullet closely misses Ijyb.
A goblin comes into view. It is wielding a +0 hand axe.
Ijyb hits you but does no damage.
You shoot a sling bullet. The sling bullet hits Ijyb.
Ijyb is moderately wounded.
Ijyb zaps a wand.
The puff of flame hits you!
You shoot a sling bullet. The sling bullet barely misses Ijyb.
Ijyb barely misses you.
You shoot a sling bullet. The sling bullet closely misses Ijyb.
Ijyb hits you but does no damage.
You shoot a sling bullet.
The sling bullet hits Ijyb but does no damage.
Ijyb is moderately wounded.
Ijyb barely misses you.
You shoot a sling bullet. The sling bullet hits Ijyb.
Ijyb is heavily wounded.
Ijyb completely misses you. The goblin hits you with a +0 hand axe.
The goblin closely misses you. You furiously retaliate!
You headbutt the goblin. Ijyb barely misses you.
You shoot a sling bullet. The sling bullet hits the goblin.
You kill the goblin!
Ijyb zaps a wand.
The puff of flame hits you.
You shoot a sling bullet.
The sling bullet hits Ijyb but does no damage.
Ijyb is heavily wounded.
Ijyb hits you but does no damage.
You shoot a sling bullet. The sling bullet hits Ijyb.
Ijyb is severely wounded.
Ijyb hits you but does no damage.
You shoot a sling bullet. The sling bullet closely misses Ijyb.
Ijyb closely misses you. You furiously retaliate!
You headbutt Ijyb. You shoot a sling bullet.
The sling bullet hits Ijyb but does no damage.
Ijyb is almost dead.
Ijyb hits you with a +0 dagger.
You shoot a sling bullet. The sling bullet misses Ijyb.
Ijyb hits you with a +0 dagger.
Ijyb screams, "Get away!"
Ijyb hits you with a +0 dagger.
You die...

...#..##.[.......#
##...............#
##...###....<...#
#########...###.)......#
........................
...........####........#
.?........#####..<.....#
.................[.....#
......g@..#####....)....
........).# #.........
....!.....# #.........
..........(#####.....).#
.........#....###......#
##.###..#####..######..#
#. .... .............. #
# ..## ##.....###.. #.
########........


You could see Ijyb.

Vanquished Creatures
  Grinder (D:4)
  A hound (D:4)
  An orc priest (D:4)
  A gnoll bouda (D:4)
  Jessica (D:3)
  A sleepcap (D:3)
  Terence (D:2)
  An orc wizard (D:4)
  4 gnolls (D:4)
  6 adders
  3 worms
  A dart slug (D:3)
  4 orcs
  4 endoplasms
  5 giant cockroaches
  9 goblins
  11 hobgoblins
  5 kobolds
  3 quokkas
  7 ball pythons
  8 bats
  3 frilled lizards
  2 rats
83 creatures vanquished.

Notes
Turn   | Place    | Note
-------+----------+-------------------------------------------
     0 | D:1      | qw the Minotaur Hexslinger began the quest for the Orb.
     0 | D:1      | Reached XP level 1. HP: 16/16 MP: 1/1
     0 | D:1      | 0 ||| qw: Version: 0.3-a-24-ga2abf7b
     0 | D:1      | 0 ||| qw: Game counter: 7145
     0 | D:1      | 0 ||| qw: Melee chars always use a shield: true
     0 | D:1      | 0 ||| qw: God list: Okawaru
     0 | D:1      | 0 ||| qw: Allow faded altars: false
     0 | D:1      | 0 ||| qw: Do Orc after clearing Dungeon:15 true
     0 | D:1      | 0 ||| qw: Do second Lair branch before Depths: true
     0 | D:1      | 0 ||| qw: Lair rune preference: random
     0 | D:1      | 0 ||| qw: Goals: Normal
     0 | D:1      | 0 ||| PLANNING D:1-11
   205 | D:1      | Reached skill level 3 in Ranged Weapons
   205 | D:1      | Reached XP level 2. HP: 23/23 MP: 2/2
   705 | D:1      | 705 ||| UPGRADING to +0 ring mail.
   715 | D:1      | 715 ||| DROPPING +0 robe.
   716 | D:1      | 716 ||| DROPPING amulet of magic regeneration.
   717 | D:1      | 717 ||| READING scroll labelled YRUNEVYL KOECE.
   718 | D:1      | 718 ||| DRINKING 2 emerald potions.
   719 | D:1      | 719 ||| DROPPING scroll of poison.
   787 | D:2      | Reached XP level 3. HP: 28/29 MP: 3/3
   893 | D:2      | Reached skill level 4 in Ranged Weapons
   954 | D:2      | Reached skill level 1 in Armour
  1018 | D:2      | Reached XP level 4. HP: 33/36 MP: 4/4
  1097 | D:2      | Noticed Terence
  1105 | D:2      | Killed Terence
  1529 | D:2      | 1529 ||| DRINKING 2 lumpy emerald potions.
  1554 | D:3      | Reached skill level 5 in Ranged Weapons
  1722 | D:3      | Found a hide-covered altar of Uskayaw.
  1724 | D:3      | Found a basalt altar of Yredelemnul.
  1802 | D:3      | Noticed Jessica
  1810 | D:3      | Killed Jessica
  1811 | D:3      | Reached skill level 3 in Fighting
  1811 | D:3      | Reached XP level 5. HP: 45/45 MP: 5/5
  2039 | D:3      | 2039 ||| UPGRADING to ring of resist corrosion.
  2040 | D:3      | 2040 ||| READING scroll labelled MIKHLE QIUNIFIDAYB.
  2044 | D:3      | 2044 ||| READING scroll labelled JIUXA SYPHE.
  2045 | D:3      | 2045 ||| READING 3 scrolls labelled VAMIAR YCZOSK.
  2046 | D:3      | 2046 ||| READING scroll labelled MOLETOKHYS.
  2046 | D:3      | Identified a scroll of acquirement
  2046 | D:3      | 2046 ||| ACQUIRING 962 gold pieces
  2046 | D:3      | Acquired 962 gold pieces
  2048 | D:3      | 2048 ||| DRINKING 2 sedimented clear potions.
  2049 | D:3      | 2049 ||| DRINKING 2 cyan potions.
  2154 | D:3      | 2154 ||| DROPPING potion of degeneration.
  2155 | D:3      | 2155 ||| DROPPING potion of berserk rage.
  2156 | D:3      | 2156 ||| DROPPING 2 scrolls of fear.
  2174 | D:4      | 2174 ||| PLANNING OSSUARY
  2177 | D:4      | 2177 ||| STAIRDANCE
  2197 | D:4      | 2197 ||| STAIRDANCE
  2378 | D:4      | Noticed Grinder
  2386 | D:4      | Reached skill level 6 in Ranged Weapons
  2393 | D:4      | 2393 ||| FLEEEEING.
  2394 | D:4      | 2394 ||| FLEEEEING.
  2395 | D:4      | 2395 ||| FLEEEEING.
  2399 | D:4      | 2399 ||| FLEEEEING.
  2400 | D:4      | 2400 ||| FLEEEEING.
  2401 | D:4      | 2401 ||| FLEEEEING.
  2402 | D:4      | 2402 ||| FLEEEEING.
  2403 | D:4      | 2403 ||| FLEEEEING.
  2404 | D:4      | 2404 ||| FLEEEEING.
  2411 | D:4      | 2411 ||| STAIRDANCE
  2484 | D:3      | 2484 ||| READING scroll labelled CELINO UGGEPOG.
  2485 | D:3      | 2485 ||| DRINKING 2 sedimented yellow potions.
  2508 | D:3      | 2508 ||| DROPPING potion of lignification.
  2527 | D:4      | Reached XP level 6. HP: 16/51 MP: 6/6
  2536 | D:4      | HP: 10/51 [Grinder (6)]
  2537 | D:4      | 2537 ||| DRINKING 3 potions of heal wounds.
  2547 | D:4      | HP: 11/51 [Grinder (2)]
  2548 | D:4      | 2548 ||| DRINKING 2 potions of heal wounds.
  2549 | D:4      | Killed Grinder
  2720 | D:4      | Reached XP level 7. HP: 23/62 MP: 7/7
  2727 | D:4      | HP: 14/62 [gnoll/+0 spear[a gnoll bouda] (8)]
  2728 | D:4      | 2728 ||| DRINKING potion of heal wounds.
  2741 | D:4      | 2741 ||| FLEEEEING.
  2742 | D:4      | 2742 ||| FLEEEEING.
  2743 | D:4      | 2743 ||| FLEEEEING.
  2744 | D:4      | 2744 ||| FLEEEEING.
  2745 | D:4      | 2745 ||| FLEEEEING.
  2746 | D:4      | 2746 ||| FLEEEEING.
  2747 | D:4      | 2747 ||| FLEEEEING.
  2748 | D:4      | 2748 ||| FLEEEEING.
  2749 | D:4      | 2749 ||| FLEEEEING.
  2750 | D:4      | 2750 ||| FLEEEEING.
  2751 | D:4      | 2751 ||| FLEEEEING.
  2752 | D:4      | 2752 ||| FLEEEEING.
  2753 | D:4      | 2753 ||| FLEEEEING.
  2754 | D:4      | 2754 ||| FLEEEEING.
  2754 | D:4      | 2754 ||| RIP OSSUARY
  2755 | D:4      | 2755 ||| PLANNING D:1-11
  2755 | D:4      | 2755 ||| FLEEEEING.
  2756 | D:4      | 2756 ||| FLEEEEING.
  2757 | D:4      | 2757 ||| FLEEEEING.
  2758 | D:4      | 2758 ||| FLEEEEING.
  2759 | D:4      | 2759 ||| FLEEEEING.
  2760 | D:4      | 2760 ||| FLEEEEING.
  2761 | D:4      | 2761 ||| STAIRDANCE
  2889 | D:3      | 2889 ||| READING scroll labelled VUDIAW MEARIAB.
  2896 | D:4      | 2896 ||| STAIRDANCE
  3021 | D:4      | Noticed Ijyb
  3034 | D:4      | HP: 15/62 [Ijyb/puff of flame (10)]
  3039 | D:4      | HP: 7/62 [Ijyb/puff of flame (5)]
  3044 | D:4      | HP: 4/62 [Ijyb/+0 dagger (3)]
  3044 | D:4      | Slain by Ijyb

Levels and vault maps discovered:
D:1:      shiori_shiawase, layout_loops_ring
D:2:      layout_basic, serial_rivers, chequers_serial_rivers_small_b,
          chequers_serial_rivers_small_a, chequers_serial_rivers_micro_d,
          chequers_serial_rivers_micro_c, chequers_serial_rivers_small_a,
          uniq_terence
D:3:      layout_rooms, jmf_multi_god_temple, uniq_jessica
D:4:      layout_rooms, nicolae_ossuary_entry_plus, minmay_tree_intersection,
          uniq_grinder, uniq_ijyb

Skill      XL: |  1  2  3  4  5  6 |
---------------+-------------------+-----
Ranged Weapons | 3 4 5 6 |  6.6
Fighting       | 2 3 5 |  5.8
Armour         | 1 |  1.2
Dodging        | |  2.1
Spellcasting   | |  1.0
Hexes          | |  2.0

Action                     |  1- 3 |  4- 6 |  7- 9 || total
---------------------------+-------+-------+-------++-------
   Fire: Sling             |   107 |   192 |    63 ||   362
    Use: Potion            |     1 |     6 |     1 ||     8
         Scroll            |     1 |     5 |     1 ||     7
 Armour: Robe              |     2 |       |       ||     2
         Ring mail         |    10 |    21 |    16 ||    47
  Dodge: Dodged            |    33 |    58 |    29 ||   120

Table legend:
 A = Non-vault XP
 B = Vault XP
 C = Vault XP percentage of total XP
 D = Non-vault monster count
 E = Vault monster count
 F = Vault count percentage of total count
                 A         B        C        D         E       F
            +---------+---------+-------+---------+---------+-------
      Total |     456 |     366 |  44.5 |      78 |       5 |   6.0
            +---------+---------+-------+---------+---------+-------
        D:1 |      26 |       0 |   0.0 |      15 |       0 |   0.0
        D:2 |      89 |      36 |  28.8 |      22 |       1 |   4.3
        D:3 |      69 |      44 |  38.9 |      18 |       3 |  14.3
        D:4 |     272 |     286 |  51.3 |      23 |       1 |   4.2
            +---------+---------+-------+---------+---------+-------
